 Dungeon Crawl Stone Soup version 0.17-a0-2127-g1cb09f6 (webtiles) character file.

294 Ghalim the Cudgeler (level 6, -21/49 HPs)
             Began as a Human Fighter on Oct 22, 2015.
             Killed from afar by a hound (26 damage)
             ... with an exploding inner flame
             ... hexed by the player character
             ... on level 3 of the Dungeon.
             The game lasted 00:08:18 (3048 turns).

Ghalim the Cudgeler (Human Fighter)                 Turns: 3048, Time: 00:08:18

Health: -21/49     AC:  6    Str: 24    XL:     6   Next: 60%
Magic:  6/6        EV:  7    Int:  8    God:
Gold:   101        SH:  9    Dex: 12    Spells: 0 memorised, 5 levels left

rFire  . . .     SeeInvis +     a - +0 flail
rCold  . . .     Clarity  .     b - +0 scale mail
rNeg   . . .     SustAt   .     c - +0 shield
rPois  .         Gourm    .     (no helmet)
rElec  .         Spirit   .     (no cloak)
rCorr  .         Warding  .     (no gloves)
rMut   .         Stasis   .     (no boots)
MR     .....                    (no amulet)
Stlth  ..........               (no ring)
                                l - ring of see invisible

@: mighty, not resistant to hostile enchantments, extremely unstealthy
A: no striking features
a: no special abilities


You were on level 3 of the Dungeon.
You were near starving.

You visited 1 branch of the dungeon, and saw 3 of its levels.
You also visited: Sewer.

You collected 101 gold pieces.

Inventory:

Hand Weapons
 a - a +0 flail (weapon)
Armour
 b - a +0 scale mail (worn)
 c - a +0 shield (worn)
 j - a +1 pair of boots
Magical Staves
 u - an uncursed staff of air {unknown}
Jewellery
 l - a ring of see invisible (left hand)
 r - a +4 ring of protection {unknown}
Scrolls
 m - 3 scrolls of identify
 t - a scroll of teleportation {unknown}
Potions
 d - a potion of might
 o - a potion of resistance {unknown}
 p - a potion of ambrosia {unknown}
 q - a potion of invisibility {unknown}
Comestibles
 e - 2 bread rations
 s - a beef jerky


   Skills:
 + Level 4.6 Fighting
 * Level 5.4 Maces & Flails
 - Level 3.0 Armour
 - Level 3.0 Shields


You had 5 spell levels left.
You didn't know any spells.

Dungeon Overview and Level Annotations

Branches:
Dungeon (3/15)

Altars:
Trog

Annotations:
D:3 chequers's ghost, amateur VSFi


Message History

You hear an explosion!
You hear a splash.
You feel a bit more experienced.
The fiery explosion engulfs the orc.
The orc explodes!
The fiery explosion engulfs the jackal.
The jackal explodes!
The fiery explosion engulfs the giant cockroach.
The giant cockroach explodes!
The fiery explosion engulfs you!
* * * LOW HITPOINT WARNING * * *
The fiery explosion engulfs the jackal.
The jackal explodes!
You hear a splash. x2
You hear an explosion!
You feel a bit more experienced.
You hear a splash. x2
You feel a bit more experienced.
You hear a splash.
The fiery explosion engulfs you!
Ouch! That really hurt!
You die...

### ######## ## ##..
......##.#### ....#
#........... .
.....####.#####..... .
.......r#@§§#..... .
......g#§§§#.....# .
#+##....J#§§§#.....#
.######.##.....#soo#.....##
...............#s≈≈#.....>###..
#..............##o##.h.........
#..........(((..g..............
(.............#................
....##....###.#...............#


You could see an ooze, a goblin and a rat.

Vanquished Creatures
  The ghost of FishServ the Ruffian, an amateur VSFi (Sewer)
  A giant frog (Sewer)
  5 adders
  3 oozes (D:1)
  3 worms (D:1)
  3 giant geckos
  3 orcs (D:3)
  16 giant cockroaches
  10 hobgoblins
  6 jackals
  2 quokkas
  3 ball pythons (Sewer)
  4 bats
  7 giant newts
  10 goblins
  8 kobolds
  12 rats
97 creatures vanquished.

Notes
Turn   | Place    | Note
--------------------------------------------------------------
     0 | D:1      | Ghalim the Human Fighter began the quest for the Orb.
     0 | D:1      | Reached XP level 1. HP: 18/18 MP: 1/1
    49 | D:1      | Reached XP level 2. HP: 24/24 MP: 2/2
   160 | D:1      | Reached XP level 3. HP: 22/29 MP: 3/3
   919 | D:1      | Reached XP level 4. HP: 27/35 MP: 4/4
  1621 | D:2      | Reached skill level 4 in Maces & Flails
  1621 | D:2      | Reached XP level 5. HP: 15/42 MP: 5/5
  1950 | D:3      | Noticed chequers's ghost (amateur VSFi)
  2146 | D:3      | Found a bloodstained altar of Trog.
  2205 | D:3      | Found a glowing drain.
  2255 | Sewer    | Entered a sewer
  2502 | Sewer    | Noticed FishServ's ghost (amateur VSFi)
  2514 | Sewer    | Killed FishServ's ghost
  2514 | Sewer    | Reached XP level 6. HP: 35/49 MP: 6/6
  2715 | Sewer    | Reached skill level 5 in Maces & Flails
  3048 | D:3      | Killed from afar by a hound

Vault maps used:
D:1:      erik_arrival_gehennom
D:3:      gammafunk_temple_overflow_statue, gup_sewer_entry_glass, first_bread,
          trog_hazing_becter
Sewer:    sewer_frog_island_01

Action                   |  1- 3 |  4- 6 || total
-------------------------+-------+-------++-------
Melee: Flail             |   132 |   187 ||   319
  Use: Scroll            |     1 |     6 ||     7
       Potion            |       |     1 ||     1
  Eat: Chunk             |       |     6 ||     6
